 Dungeon Crawl Stone Soup version 0.30-b1-2-g02819fbbbe (webtiles) character file.

Game seed: 11547111098851513881

74 Flugkiller the Trooper (level 4, 0/41 HPs)
             Began as a Minotaur Fighter on May 9, 2023.
             Was an Initiate of Cheibriados.
             Slain by a rat (2 damage)
             ... on level 2 of the Dungeon.
             The game lasted 00:00:37 (961 turns).

Flugkiller the Trooper (Minotaur Fighter)            Turns: 961, Time: 00:00:38

Health: 0/41       AC:  7    Str: 23    XL:     4   Next: 9%
Magic:  3/3        EV:  9    Int:  6    God:    Cheibriados [......]
Gold:   135        SH:  4    Dex: 11    Spells: 3/3 levels left

rFire   . . .        a - +0 war axe
rCold   . . .        c - +0 buckler
rNeg    . . .        b - +0 scale mail
rPois   .            k - +0 hat
rElec   .            (no cloak)
rCorr   .            (no gloves)
SInv    .            (no boots)
Will    .....        (no amulet) Stlth
                     (no ring)
HPRegen 0.26/turn    (no ring)
MPRegen 0.08/turn

%: no passive effects
@: very slow
A: horns 2, retaliatory headbutt
a: Renounce Religion


You were on level 2 of the Dungeon.
You worshipped Cheibriados.
Cheibriados was noncommittal.
You visited 1 branch of the dungeon, and saw 2 of its levels.

You collected 135 gold pieces.

Inventory:

Hand Weapons
 a - a +0 war axe (weapon)
Armour
 b - a +0 scale mail (worn)
 c - a +0 buckler (worn)
 k - a +0 hat (worn)
   (You found it on level 1 of the Dungeon)
Scrolls
 f - a scroll of blinking {unknown}
 g - 2 scrolls of teleportation {unknown}
 j - 2 scrolls of identify {unknown}
 l - 3 scrolls of noise {unknown}
 n - a scroll of enchant armour {unknown}
Potions
 d - a potion of might
 e - a potion of heal wounds {unknown}
 h - a potion of ambrosia {unknown}
 i - a potion of attraction {unknown}
 m - a potion of lignification {unknown}


   Skills:
 * Level 4.4 Fighting
 * Level 3.4 Axes
 * Level 4.4 Armour
 + Level 4.0 Shields
 + Level 0.4 Invocations


You had 3 spell levels left.
You didn't know any spells.
Your spell library was empty.

Dungeon Overview and Level Annotations

Branches:
Dungeon (2/15)

Altars:
Cheibriados


Innate Abilities, Weirdness & Mutations

You have a pair of horns on your head.
You reflexively headbutt those who attack you in melee.


Message History

n - a scroll labelled LOETWU AWIESCH No target in view!
You see here a bat corpse.
An adder comes into view.
The adder hisses angrily.
An adder is nearby!
An adder is nearby!
The adder bites you.
You are poisoned.
The adder poisons you!
You hit the adder. Your headbutt misses the adder.
The adder is lightly wounded.
You feel sick.
The adder bites you but does no damage. x2
You closely miss the adder.
The adder is lightly wounded.
You feel sick. The adder bites you but does no damage.
You closely miss the adder.
The adder is lightly wounded.
You feel sick. The adder barely misses you. The adder closely misses you.
You closely miss the adder.
The adder is lightly wounded.
You feel sick. You block the adder's attack.
The adder bites you but does no damage.
You miss the adder.
The adder is lightly wounded.
You feel sick. The adder bites you but does no damage.
The adder closely misses you.
You closely miss the adder.
The adder is lightly wounded.
You feel sick. You block the adder's attack.
You miss the adder.
The adder is lightly wounded.
You feel sick.
You are no longer poisoned.
The adder bites you but does no damage. x2
An adder is nearby!
You closely miss the adder.
The adder is lightly wounded.
The adder bites you but does no damage. x2
An adder is nearby!
You hit the adder but do no damage. Your headbutt misses the adder.
The adder is lightly wounded.
The adder closely misses you. You furiously retaliate!
You headbutt the adder!
You kill the adder!
Cheibriados thoroughly appreciates the change of pace.
HP restored.
Found a stone staircase leading down.
No target in view!
There is a stone staircase leading down here.
A frilled lizard comes into view.
The frilled lizard hisses angrily.
You hear a shout! x2
A rat and 2 gnolls come into view.
The gnoll shouts! x2; You hear a shout!
You block the frilled lizard's attack.
A gnoll comes into view. It is wielding a +0 spear.
The frilled lizard bites you but does no damage.
The rat moves out of view.
The gnoll moves out of view.
There are monsters nearby!
There are monsters nearby!
You barely miss the frilled lizard.
The frilled lizard bites you but does no damage.
You slash the frilled lizard!
You kill the frilled lizard!
Cheibriados appreciates the change of pace.
You hit the gnoll. You headbutt the gnoll.
The gnoll is heavily wounded.
The gnoll barely misses you. The gnoll hits you but does no damage.
You slash the gnoll!
You kill the gnoll!
Cheibriados appreciates the change of pace.
Your Shields skill increases to level 4!
You closely miss the gnoll. You headbutt the gnoll!
The gnoll is almost dead.
The gnoll hits you from afar with a +0 spear.
The gnoll hits you with a +0 flail!
You slash the gnoll!
You kill the gnoll!
Cheibriados appreciates the change of pace.
The gnoll hits you but does no damage.
The gnoll hits you from afar with a +0 spear.
You have reached level 4!
You feel agile. The gnoll barely misses you.
Things that are here:
a +0 flail; a +0 club; a frilled lizard corpse You slash the gnoll!
The gnoll is heavily wounded.
The gnoll hits you with a +0 spear. x2
You are too injured to fight recklessly!
You closely miss the gnoll.
The gnoll is heavily wounded.
The gnoll hits you with a +0 spear.
* * * LOW HITPOINT WARNING * * *
You are too injured to fight recklessly!
You hit the gnoll.
The gnoll is severely wounded.
The gnoll hits you with a +0 spear.
* * * LOW HITPOINT WARNING * * *
The rat bites you.
You die...

.#####..##..# .#
#..(#.# .##
###.#.###. ..##
#.#..#.. #..#
#.†#.#.###
##.#######........
..................
##.##########.#####
##..# #...@r# ..#.#
##.###g.# #...##
##..# #.# ##...#
#..## ..# ##..##
#.## ...
#...#####># ....
#.#...#...# .... #
#.###...### .... #
#.# #...#


You could see a gnoll and a rat.

Vanquished Creatures
  2 adders (D:2)
  2 gnolls (D:2)
  A dart slug (D:1)
  An endoplasm (D:1)
  A giant cockroach (D:1)
  3 goblins (D:1)
  3 hobgoblins (D:1)
  4 jackals (D:1)
  2 quokkas (D:1)
  A ball python (D:1)
  7 bats
  3 frilled lizards
  5 kobolds
35 creatures vanquished.

Notes
Turn   | Place    | Note
-------+----------+-------------------------------------------
     0 | D:1      | Flugkiller the Minotaur Fighter began the quest for the
                  | Orb.
     0 | D:1      | Reached XP level 1. HP: 19/19 MP: 0/0
    90 | D:1      | Reached XP level 2. HP: 27/27 MP: 1/1
   472 | D:1      | Reached XP level 3. HP: 33/33 MP: 2/2
   736 | D:2      | Found a snail-covered altar of Cheibriados.
   744 | D:2      | Became a worshipper of Cheibriados the Contemplative
   958 | D:2      | Reached XP level 4. HP: 21/41 MP: 3/3
   961 | D:2      | HP: 2/41 [gnoll/+0 spear (6)]
   961 | D:2      | Slain by a rat

Illustrated notes

Levels and vault maps discovered:
D:1:      dpeg_arrival_windows_large_door, layout_loops_cross
D:2:      layout_rooms, basic_altar

Skill      XL: |  1  2  3 |
---------------+----------+-----
Fighting       | 4 |  4.4
Axes           | 3 |  3.4
Armour         | 4 |  4.4
Shields        | 4 |  4.0
Invocations    | |  0.4

Action                     |  1- 3 |  4- 6 || total
---------------------------+-------+-------++-------
  Melee: War axe           |    68 |     3 ||    71
         Headbutt          |     9 |       ||     9
 Armour: Scale mail        |    45 |       ||    45
  Dodge: Dodged            |    34 |     1 ||    35
  Block: Buckler           |    16 |       ||    16
